 Dungeon Crawl Stone Soup version 0.17-a0-1778-gd369669 (webtiles) character file.

54495 shakdrar the Peltast (level 14, -9/121 HPs)
             Began as a Minotaur Fighter on Sept 8, 2015.
             Was a High Priest of Okawaru.
             Mangled by a troll (12 damage)
             ... led by an orc knight
             ... on level 3 of the Orcish Mines.
             The game lasted 01:29:49 (23503 turns).

shakdrar the Peltast (Minotaur Fighter)            Turns: 23503, Time: 01:29:49

Health: -9/121     AC: 17    Str: 23    XL:     14   Next: 34%
Magic:  20/20      EV:  8    Int:  5    God:    Okawaru [*****.]
Gold:   1848       SH: 20    Dex: 13    Spells: 0 memorised, 13 levels left

rFire  . . .     SeeInvis .     a - +6 broad axe (chop)
rCold  . . .     Clarity  .     I - +2 ring mail {MR+}
rNeg   + . .     SustAt   .     C - +0 large shield
rPois  .         Gourm    .     S - +1 hat
rElec  .         Spirit   .     E - +1 cloak {+Inv}
rCorr  +         Warding  .     g - +1 pair of gloves
rMut   .         Stasis   .     h - +0 pair of boots
MR     ++...                    V - amulet of resist corrosion
Stlth  +.........               (no ring)
                                R - ring of positive energy

@: hasted, heavily drained, very quick, very resistant to hostile enchantments,
very unstealthy
A: retaliatory headbutt, horns 2
a: Heroism, Finesse, Renounce Religion, Evoke Invisibility


You were on level 3 of the Orcish Mines.
You worshipped Okawaru.
Okawaru was extremely pleased with you.
You were not hungry.

You visited 4 branches of the dungeon, and saw 25 of its levels.

You collected 1848 gold pieces.

Inventory:

Hand weapons
 a - a +6 broad axe of chopping (weapon)
 j - a +2 whip of holy wrath
 o - a +0 blowgun
 u - the +7 falchion "Rumiesui" {flame, MR+}
   (You found it on level 5 of the Dungeon)

   It has been specially enchanted to burn those struck by it, causing extra
   injury to most foes and up to half again as much damage against particularly
   susceptible opponents.
   Big, fiery blades are also staple armaments of hydra-hunters.
   It affects your resistance to hostile enchantments.
 y - a +3 whip of electrocution
Missiles
 m - 15 curare-tipped needles
 p - 57 poisoned needles
Armour
 g - a +1 pair of gloves (worn)
 h - a +0 pair of boots (worn)
 C - a +0 large shield (worn)
 E - a +1 cloak of invisibility (worn)
 I - a +2 ring mail of magic resistance (worn)
 O - a +0 ring mail of positive energy
 S - a +1 hat (worn)
Jewellery
 R - a ring of positive energy (left hand)
 V - an amulet of resist corrosion (around neck)
 Y - an uncursed amulet of guardian spirit
Magical devices
 b - a wand of heal wounds (2)
 i - a wand of cold (0)
 x - a wand of enslavement (12)
 B - a wand of digging (16)
 H - a wand of teleportation (3)
 K - a wand of draining (0)
 L - a wand of lightning (5)
 T - a wand of fireball (0)
 U - a wand of polymorph (17)
Scrolls
 k - a scroll of amnesia
 l - 12 scrolls of remove curse
 t - 6 scrolls of identify
 F - a scroll of fear
 X - a scroll of teleportation
Potions
 d - 6 potions of might
 n - 4 potions of lignification {unknown}
 q - a potion of flight
 s - 2 potions of agility
 v - a potion of cure mutation
 w - a potion of haste
 z - a potion of mutation {unknown}
 D - 2 potions of magic
 J - a potion of cancellation {unknown}
 Q - 3 potions of brilliance
 W - 2 potions of invisibility
Comestibles
 c - 6 meat rations
 e - 7 bread rations
 A - 16 fruits


   Skills:
 - Level 10.0(8.6) Fighting
 - Level 7.2(5.9) Long Blades
 - Level 10.5(9.5) Axes
 - Level 5.0(7.1) Maces & Flails
 + Level 14.8(13.2) Armour
 - Level 16.0(14.3) Shields
 - Level 10.5(9.1) Evocations


You had 13 spell levels left.
You didn't know any spells.

Dungeon Overview and Level Annotations

Branches:
Dungeon (13/15)            Temple (1/1) D:4            Lair (8/8) D:9
 Shoals (0/4) Lair:6        Snake (0/4) Lair:4        Slime (0/6) Lair:6
    Orc (3/4) D:9          Vaults (0/5) D:13
    Elf: Orc:3-4

Altars:
Ashenzari
Dithmenos
Elyvilon
Fedhas
Gozag
Kikubaaqudgha
Makhleb
Nemelex Xobeh
Okawaru
Ru
Trog
Vehumet
Xom
Zin
The Shining One
Beogh
Jiyva

Shops:
D:11 *

Annotations:
Lair:8 Maud, Nessos
Orc:3 Donald


Innate Abilities, Weirdness & Mutations

You reflexively headbutt those who attack you in melee.
You have a pair of horns on your head.


Message History

The orc knight shoots a bolt of flame.
The bolt of flame hits you!!
* * * LOW HITPOINT WARNING * * *
The bolt of flame burns you.
* * * LOW HITPOINT WARNING * * *
You block the troll's attack. The troll claws you!
* * * LOW HITPOINT WARNING * * *
The troll claws you but does no damage.
You hear a shout!
Drink which item? (? for menu, Esc to quit)
Okay, then.
Drink which item? (? for menu, Esc to quit)
You feel yourself speed up. Something hits you!
* * * LOW HITPOINT WARNING * * *
You partially resist.
You feel drained.
The orc knight shoots a bolt of flame.
The bolt of flame hits you!
* * * LOW HITPOINT WARNING * * *
The bolt of flame burns you.
* * * LOW HITPOINT WARNING * * *
The troll bites you!
You die...

.. .....#.....>
..##.#..#......
...............
#.......#......
#.............#
..o.o.......#
#..){...# #.
#..T@..###...
##.#.........
##..........
##.<#....#.
#####.#.# #...
#.# ##


You could see an orc knight, a troll and an orc warrior (frenzied).

Vanquished Creatures
  Gastronok (Lair:1)
  Snorg (D:11)
  A catoblepas (Lair:7)
  Erica (D:9)
  6 hydras
  11 death yaks
  The ghost of Protee the Protected, an experienced FoAK of Lugonu (D:7)
  Nergalle (Lair:1)
  The ghost of shakdrar the Covered, an experienced FoAK of Lugonu (D:5)
  4 griffons
  Maurice (D:10)
  A manticore (Lair:6)
  12 black mambas
  A torpor snail (Lair:7)
  9 spiny frogs
  A fire drake (Lair:7)
  6 komodo dragons
  The ghost of LordBones the Ruffian, an average MiMo of Yredelemnul (D:4)
  2 polar bears
  3 two-headed ogres
  A troll (D:9)
  A trapdoor spider (D:11)
  2 shadows (D:11)
  5 blink frogs
  A yak (shapeshifter) (D:9)
  A spriggan (D:10)
  3 basilisks
  A deep elf mage (D:11)
  4 hungry ghosts
  37 yaks
  A wyvern (D:11)
  6 hippogriffs
  Menkaure (D:7)
  2 steam dragons
  22 water moccasins
  A deep elf fighter (D:9)
  28 wolves
  16 porcupines
  An eye of draining (D:9)
  4 ice beasts
  9 ogres
  6 orc warriors
  5 centaurs
  4 sky beasts
  The ghost of ololoev the Poker, an average DrSk of Nemelex Xobeh (D:3)
  17 crocodiles
  5 necrophages
  21 giant frogs
  14 killer bees
  2 centaur zombies
  8 jellies
  13 orc priests
  14 orc wizards
  6 worker ants
  Crazy Yiuf (D:7)
  Ijyb (D:2)
  2 centaur skeletons
  5 hounds
  4 iguanas
  4 worker ant zombies
  18 adders
  9 gnolls
  81 river rats
  A shadow imp (D:7)
  An ooze (D:2)
  An adder zombie (D:8)
  2 worms
  115 orcs
  16 bats
  2 bat zombies (D:6)
  7 goblins
  8 hobgoblins
  2 jackals (D:4)
  6 ball pythons
  3 giant cockroaches
  4 giant geckos
  A giant gecko skeleton (D:5)
  4 giant newts
  16 kobolds
  3 quokkas
  30 rats
  3 fungi
  2 plants
680 creatures vanquished.

Vanquished Creatures (others)
  2 bushes (Lair:4)
  51 fungi
  44 plants
97 creatures vanquished.

Grand Total: 777 creatures vanquished

Notes
Turn   | Place    | Note
--------------------------------------------------------------
     0 | D:1      | shakdrar the Minotaur Fighter began the quest for the Orb.
     0 | D:1      | Reached XP level 1. HP: 19/19 MP: 0/0
   271 | D:1      | Reached skill level 4 in Shields
   305 | D:1      | Reached XP level 2. HP: 21/26 MP: 1/1
  1120 | D:2      | Reached XP level 3. HP: 19/31 MP: 2/2
  1300 | D:2      | Found a blossoming altar of Fedhas.
  1589 | D:2      | Noticed Ijyb
  1598 | D:2      | Killed Ijyb
  1598 | D:2      | Reached skill level 5 in Armour
  1598 | D:2      | Reached skill level 5 in Shields
  1598 | D:2      | Reached XP level 4. HP: 39/39 MP: 3/3
  1992 | D:3      | Noticed a centaur
  2001 | D:3      | Killed a centaur
  2001 | D:3      | Reached XP level 5. HP: 19/45 MP: 4/4
  2227 | D:3      | Reached skill level 6 in Armour
  2238 | D:3      | Reached skill level 10 in Armour
  2238 | D:3      | Reached skill level 10 in Shields
  2238 | D:3      | Reached XP level 6. HP: 46/51 MP: 4/9
  2344 | D:3      | Found a shimmering altar of Xom.
  2400 | D:3      | Found a burning altar of Makhleb.
  2477 | D:3      | Noticed ololoev's ghost (average DrSk)
  2491 | D:3      | Killed ololoev's ghost
  2491 | D:3      | Reached XP level 7. HP: 38/59 MP: 10/10
  2747 | D:3      | Found an iron altar of Okawaru.
  2772 | D:3      | Became a worshipper of Warmaster Okawaru
  3159 | D:3      | Found an iron altar of Okawaru.
  3295 | D:4      | Noticed LordBones's ghost (average MiMo)
  3317 | D:4      | Killed LordBones's ghost
  3317 | D:4      | Reached skill level 5 in Fighting
  3621 | D:4      | Found a staircase to the Ecumenical Temple.
  3631 | Temple   | Entered the Ecumenical Temple
  3736 | D:4      | Found a bloodstained altar of Trog.
  3759 | D:4      | Reached XP level 8. HP: 68/68 MP: 11/11
  3813 | D:4      | Found a shattered altar of Ashenzari.
  3879 | D:4      | Found a white marble altar of Elyvilon.
  4005 | D:4      | Acquired Okawaru's first power
  4221 | D:5      | Entered Level 5 of the Dungeon
  4261 | D:5      | Got an ancient falchion
  4267 | D:5      | Identified the +7 falchion "Rumiesui" {flame, MR+} (You found it on level 5 of the Dungeon)
  4367 | D:5      | Reached skill level 1 in Long Blades
  4623 | D:5      | Noticed shakdrar's ghost (experienced FoAK)
  4632 | D:5      | Killed shakdrar's ghost
  4760 | D:5      | Found a bloodstained altar of Trog.
  4769 | D:5      | Reached skill level 5 in Long Blades
  4911 | D:5      | Found a sacrificial altar of Ru.
  5023 | D:6      | Found an opulent altar of Gozag.
  5079 | D:6      | Reached XP level 9. HP: 74/74 MP: 12/12
  5184 | D:6      | Found a radiant altar of Vehumet.
  5277 | D:6      | Found an ancient bone altar of Kikubaaqudgha.
  5351 | D:6      | Found a sparkling altar of Nemelex Xobeh.
  5364 | D:6      | Found a glowing golden altar of the Shining One.
  5508 | D:6      | Reached skill level 1 in Maces & Flails
  5802 | D:6      | Reached skill level 5 in Axes
  6050 | D:7      | Noticed Protee's ghost (experienced FoAK)
  6070 | D:7      | Killed Protee's ghost
  6253 | D:7      | Noticed Menkaure
  6259 | D:7      | Killed Menkaure
  6433 | D:7      | Noticed Crazy Yiuf
  6438 | D:7      | Killed Crazy Yiuf
  6702 | D:8      | Reached skill level 5 in Maces & Flails
  6702 | D:8      | Reached skill level 11 in Shields
  6773 | D:8      | Reached XP level 10. HP: 80/83 MP: 13/13
  6886 | D:8      | Found a glowing silver altar of Zin.
  7199 | D:9      | Found a shadowy altar of Dithmenos.
  7217 | D:9      | Noticed Erica
  7238 | D:9      | Killed Erica
  7238 | D:9      | Reached skill level 12 in Shields
  7584 | D:9      | Found a staircase to the Orcish Mines.
  7603 | D:9      | Found a staircase to the Lair.
  7980 | D:9      | Noticed a guardian serpent
  7980 | D:9      | Reached skill level 13 in Shields
  7991 | D:9      | a guardian serpent changed into a yak
  8618 | D:10     | Entered Level 10 of the Dungeon
  8682 | D:10     | Noticed Maurice
  8701 | D:10     | Killed Maurice
  8929 | D:10     | Reached XP level 11. HP: 80/89 MP: 14/14
  9009 | D:10     | Reached skill level 14 in Shields
  9420 | D:10     | Acquired Okawaru's second power
  9733 | D:11     | Found Fureh Tuhu's General Store.
  9755 | D:11     | You fall through a shaft for 2 floors!
  9805 | D:13     | Found a gate to the Vaults.
  9805 | D:13     | Noticed a vault guard
  9805 | D:13     | Noticed a vault guard
  9805 | D:13     | Noticed a centaur warrior
  9805 | D:13     | Noticed a vault guard
  9806 | D:13     | Noticed a vault guard
 10165 | D:11     | Reached skill level 15 in Shields
 10809 | D:11     | Noticed Snorg
 10837 | D:11     | Killed Snorg
 11392 | D:10     | Reached skill level 16 in Shields
 11530 | Lair:1   | Entered Level 1 of the Lair of Beasts
 11608 | Lair:1   | Noticed Nergalle
 11651 | Lair:1   | Killed Nergalle
 11651 | Lair:1   | Received a gift from Okawaru
 12009 | Lair:1   | Noticed a four-headed hydra
 12017 | Lair:1   | Killed a four-headed hydra
 12120 | Lair:1   | Noticed Gastronok
 12140 | Lair:1   | Killed Gastronok
 12140 | Lair:1   | Reached XP level 12. HP: 36/96 MP: 13/17
 13484 | Lair:2   | Reached skill level 10 in Evocations
 15487 | Lair:4   | Received a gift from Okawaru
 15708 | Lair:4   | Reached XP level 13. HP: 70/108 MP: 19/19
 16313 | Lair:4   | Noticed a six-headed hydra
 16326 | Lair:4   | Killed a six-headed hydra
 16369 | Lair:4   | Noticed an eight-headed hydra
 16373 | Lair:4   | Killed an eight-headed hydra
 16484 | Lair:4   | Received a gift from Okawaru
 16909 | Lair:4   | Found a staircase to the Snake Pit.
 18411 | Lair:5   | Reached skill level 10 in Fighting
 19233 | Lair:6   | Found a runed door.
 19233 | Lair:6   | Found a viscous altar of Jiyva.
 19237 | Lair:6   | Found a staircase to the Slime Pits.
 19368 | Lair:6   | You fall through a shaft for 2 floors!
 19368 | Lair:8   | Entered Level 8 of the Lair of Beasts
 19372 | Lair:8   | Noticed Maud
 19761 | Lair:6   | Found a staircase to the Shoals.
 20028 | Lair:7   | Received a gift from Okawaru
 20033 | Lair:7   | Reached skill level 10 in Axes
 20313 | Lair:7   | Reached XP level 14. HP: 112/121 MP: 20/20
 21632 | Lair:8   | Noticed Nessos
 22414 | Orc:1    | Entered Level 1 of the Orcish Mines
 22510 | Orc:1    | Found a roughly hewn altar of Beogh.
 23489 | Orc:3    | Noticed Donald
 23503 | Orc:3    | HP: 5/121 [orc knight/bolt of flame (7)]
 23503 | Orc:3    | Mangled by a troll

Vault maps used:
D:1:      lemuel_arrival_behind_the_door_large
D:2:      fedhas_altar_3, first_bread, minmay_quantized, uniq_iyjb
D:3:      xom_butterflies, lemuel_coloured_pillars_altar,
          makhleb_blood_cavern_becter, okawaru_ov_weapons_minmay
D:4:      overflow_temple_1_default, kennysheep_mini,
          minmay_temple_entry_glassed_door, trog_hazing_becter
D:5:      overflow_temple_1_default, trog_book
D:6:      lemuel_crystal_altar, lemuel_round_altar, overflow_temple_1_default,
          lemuel_crystal_altar, lemuel_zombie_altar_kikubaaqudgha
D:7:      uniq_crazy_yiuf_cottage, uniq_menkaure
D:8:      lemuel_doored_altar
D:9:      minmay_opposing_rooms, old_standard_altar,
          grunt_lair_entry_elf_guard_hut, uniq_erica
D:10:     the_bakery, minmay_misc_feat_columns, dk_rats_in_the_wall,
          uniq_maurice
D:11:     serial_shops, nicolae_shop_statue_plus, lab_entry_generic, uniq_snorg
D:12:     uniq_azrael
D:13:     lightli_vaults_fourway_checkpoint, uniq_frances
Temple:   nicolae_temple_hex_pool_5
Lair:1:   uniq_nergalle, uniq_gastronok
Lair:3:   serial_bayou_shore_b
Lair:4:   minmay_snake_entry_six_corridors, lemuel_fruit_tree,
          grunt_megastairs_3, serial_bayou_shore_b
Lair:6:   minmay_shoals_entry_beasts, slime_altar_2, roderic_carrion_pond
Lair:7:   lemuel_fruit_fields
Lair:8:   evilmike_catoblepas_cave, nicolae_volcano_entry_lava_flow, uniq_maud,
          uniq_nessos
Orc:1:    basic_altar
Orc:3:    nicolae_orc_pool_cavern, uniq_donald, uniq_erolcha

Action                   |  1- 3 |  4- 6 |  7- 9 | 10-12 | 13-15 || total
-------------------------+-------+-------+-------+-------+-------++-------
Melee: War axe           |    88 |    78 |    98 |       |       ||   264
       Falchion          |       |       |    58 |   397 |    24 ||   479
       Whip              |       |       |   168 |   604 |       ||   772
       Broad axe         |       |       |       |    30 |   689 ||   719
Invok: Heroism           |       |       |     1 |    12 |     2 ||    15
       Finesse           |       |       |       |     1 |     2 ||     3
Evoke: Wand              |       |       |       |     8 |    18 ||    26
  Use: Scroll            |     5 |     2 |     6 |    13 |     7 ||    33
       Potion            |     1 |     2 |     3 |     7 |    12 ||    25
  Eat: Bread ration      |     1 |       |       |     4 |     2 ||     7
       Meat ration       |       |     1 |     2 |     2 |       ||     5
       Royal jelly       |       |       |       |     2 |     1 ||     3
       Chunk             |       |       |       |     1 |     5 ||     6
       Beef jerky        |       |       |       |       |     4 ||     4
       Pizza             |       |       |       |       |     1 ||     1
       Fruit             |       |       |       |       |     6 ||     6
